 Dungeon Crawl Stone Soup version 0.23.1 (webtiles) character file.

Game seed: 5125340812653229461

1506 nikopol the Thaumaturge (level 8, -3/43 HPs)
             Began as a Deep Elf Fire Elementalist on Mar 2, 2019.
             Was an Initiate of Vehumet.
             Killed from afar by an electric eel (13 damage)
             ... with a bolt of electricity
             ... on level 6 of the Dungeon.
             The game lasted 00:12:49 (5231 turns).

nikopol the Thaumaturge (DEFE)                      Turns: 5231, Time: 00:12:50

Health: -3/43      AC:  5    Str:  5    XL:     8   Next: 52%
Magic:  21/22      EV: 14    Int: 23    God:    Vehumet [......]
Gold:   207        SH:  0    Dex: 15    Spells: 8/23 levels left

rFire    . . .     SeeInvis .   h - +1 short sword (venom)
rCold    . . .     Gourm    .   (no shield)
rNeg     . . .     Faith    .   a - +0 robe
rPois    .         Spirit   .   (no helmet)
rElec    .         Reflect  .   g - +0 cloak
rCorr    .         Harm     .   t - +0 pair of gloves
MR       .....                  m - +0 pair of boots
Stlth    +.........             (no amulet)
HPRegen  0.14/turn              (no ring)
MPRegen  0.18/turn              (no ring)

@: very slow
A: no striking features
a: Renounce Religion


You were on level 6 of the Dungeon.
You worshipped Vehumet.
Vehumet was noncommittal.
You were not hungry.

You visited 2 branches of the dungeon, and saw 7 of its levels.

You collected 207 gold pieces.

Inventory:

Hand Weapons
 h - a +1 short sword of venom (weapon)
Armour
 a - a +0 robe (worn)
 g - a +0 cloak (worn)
 m - a +0 pair of boots (worn)
 t - a +0 pair of gloves (worn)
Jewellery
 o - an uncursed amulet of magic regeneration {unknown}
Scrolls
 b - 6 scrolls of identify {unknown}
 i - 2 scrolls of enchant armour {unknown}
 j - a scroll of fog {unknown}
 n - a scroll of teleportation {unknown}
 p - a scroll of remove curse {unknown}
 r - a scroll of immolation {unknown}
Potions
 d - a potion of cancellation {unknown}
 e - 3 potions of heal wounds {unknown}
 f - 3 potions of mutation {unknown}
 k - 2 potions of might {unknown}
 l - 2 potions of flight {unknown}
 q - a potion of agility {unknown}
 s - a potion of resistance {unknown}
Comestibles
 c - 7 rations


   Skills:
 + Level 1.0 Fighting
 - Level 1.1 Short Blades
 + Level 3.5 Dodging
 + Level 3.5 Stealth
 + Level 8.3 Spellcasting
 + Level 6.1 Conjurations
 + Level 7.1 Fire Magic


You had 8 spell levels left.
You knew the following spells:

 Your Spells              Type           Power        Failure   Level  Hunger
a - Flame Tongue          Conj/Fire      #####        1%          1    None
b - Throw Flame           Conj/Fire      #####.       1%          2    None
c - Conjure Flame         Conj/Fire      #####...     1%          3    None
d - Sticky Flame          Conj/Fire      #####...     4%          4    ##.....
e - Fireball              Conj/Fire      #####.....   12%         5    #####..

Your spell library contained the following spells:

 Spells                   Type           Power        Failure   Level  Hunger
 Inner Flame              Hex/Fire       ####....     4%          3    None


Dungeon Overview and Level Annotations

Branches:
Dungeon (6/15)             Temple (1/1) D:6

Altars:
Cheibriados
Gozag
Hepliaklqana
Kikubaaqudgha
Makhleb
Nemelex Xobeh
Okawaru
Sif Muna
Vehumet
Wu Jian
Xom
Zin
The Shining One


Message History

The electric eel is too close now for your liking.
The electric eel shoots out a bolt of lightning at you!
The bolt of electricity hits the plant!
The bolt of electricity hits you!
An adder comes into view.
An electric eel comes into view.
The electric eel shoots out a bolt of lightning at you!
The bolt of electricity hits you!
The bolt of electricity hits the plant!
The electric eel shoots out a bolt of lightning at you!
The bolt of electricity hits you!
* * * LOW HITPOINT WARNING * * *
The bolt of electricity hits the plant.
Casting: Flame Tongue (safe; 1% risk of failure)
Confirm with . or Enter, or press ? or * to list all spells.
Aiming: Flame Tongue (safe; 1% risk of failure)
Press: ? - help, Shift-Dir - straight line, f - electric eel
Aim: an electric eel The flame tongue hits the electric eel!
The electric eel is almost dead.
The electric eel shoots out a bolt of lightning at you!
The bolt of electricity hits you!
You die...

#..........# ##..##.♣P≈≈
#..........# ##..#.♣P≈≈
#.<........# ##...<♣≈≈
♣♣≈♣♣P.....# #..#..P≈
PP♣♣≈♣♣P≈≈.####### #..#..PP
≈≈≈≈≈P≈≈≈♣♣≈♣.............♣≈
≈≈≈P≈≈≈≈P≈≈P≈≈≈# ###..#..♣P
≈≈≈≈≈≈≈P≈≈≈P≈≈≈# #...##..♣
≈≈≈≈♣≈P@P♣≈............≈
≈≈≈≈≈§§≈≈≈PP..#.♣.♣.#..#
≈≈≈≈;≈≈≈≈≈P♣.... ....
≈≈≈≈≈≈≈≈≈P♣♣(.♣ ≈≈≈PP≈≈≈≈♣P
.. ≈≈≈P;≈P≈♣≈..
♣≈≈♣P≈♣P≈###. ≈≈≈♣♣≈≈≈♣ ..


You could see 2 electric eels.

Vanquished Creatures
  Sigmund (D:3)
  Eustachio (D:4)
  2 phantoms
  An ice beast (D:6)
  A centaur (D:5)
  An ogre (D:4)
  4 wights (D:5)
  2 electric eels (D:6)
  2 crimson imps
  A bullfrog zombie (D:5)
  2 jellies
  A hound (D:2)
  2 iguanas
  2 worker ants (D:4)
  Terence (D:2)
  A hound skeleton (D:6)
  4 adders
  4 shadow imps
  3 oozes
  2 adder skeletons
  7 worms
  3 dart slugs
  3 leopard geckos
  10 orcs
  5 bats
  7 giant cockroaches
  11 goblins
  9 hobgoblins
  3 jackals (D:3)
  2 quokkas (D:2)
  A ball python (D:4)
  7 frilled lizards
  A jackal skeleton (D:4)
  13 kobolds
  A leopard gecko skeleton (D:6)
  12 rats
133 creatures vanquished.

Notes
Turn   | Place    | Note
-------+----------+-------------------------------------------
     0 | D:1      | nikopol the Deep Elf Fire Elementalist began the quest for
                  | the Orb.
     0 | D:1      | Reached XP level 1. HP: 10/10 MP: 6/6
   146 | D:1      | Reached XP level 2. HP: 15/15 MP: 2/8
   569 | D:1      | Reached XP level 3. HP: 19/19 MP: 6/10
   645 | D:1      | Reached skill level 4 in Spellcasting
   886 | D:2      | Noticed Terence
   905 | D:2      | Killed Terence
   933 | D:2      | Reached XP level 4. HP: 22/24 MP: 0/12
  1328 | D:2      | Learned a level 2 spell: Throw Flame
  1332 | D:2      | Learned a level 3 spell: Conjure Flame
  1337 | D:2      | Learned a level 4 spell: Sticky Flame
  1371 | D:2      | Reached skill level 5 in Spellcasting
  1371 | D:2      | Reached XP level 5. HP: 23/28 MP: 3/14
  1702 | D:2      | Noticed a phantom
  1798 | D:2      | Killed a phantom
  1798 | D:2      | Reached skill level 5 in Fire Magic
  2087 | D:3      | Reached XP level 6. HP: 32/32 MP: 14/16
  2188 | D:3      | Noticed Sigmund
  2192 | D:3      | Killed Sigmund
  2192 | D:3      | Reached skill level 6 in Spellcasting
  2676 | D:3      | Found a glowing golden altar of the Shining One.
  2874 | D:4      | Reached XP level 7. HP: 36/36 MP: 11/18
  2886 | D:4      | Learned a level 5 spell: Fireball
  3028 | D:4      | Noticed Eustachio
  3035 | D:4      | Killed Eustachio
  3151 | D:4      | Reached skill level 7 in Spellcasting
  3293 | D:4      | Found a snail-covered altar of Cheibriados.
  3366 | D:4      | Found a burning altar of Makhleb.
  3368 | D:4      | Found a glowing silver altar of Zin.
  3368 | D:4      | Noticed an angel
  3369 | D:4      | Noticed a blizzard demon
  3812 | D:5      | Entered Level 5 of the Dungeon
  3970 | D:5      | Reached skill level 5 in Conjurations
  4104 | D:5      | Reached XP level 8. HP: 42/42 MP: 14/21
  4791 | D:6      | Reached skill level 8 in Spellcasting
  4956 | D:6      | Reached skill level 1 in Short Blades
  5052 | D:6      | Reached skill level 1 in Fighting
  5093 | D:6      | Found a staircase to the Ecumenical Temple.
  5100 | Temple   | Entered the Ecumenical Temple
  5140 | Temple   | Became a worshipper of Vehumet
  5231 | D:6      | Killed from afar by an electric eel

Skill      XL: |  1  2  3  4  5  6  7  8 |
---------------+-------------------------+-----
Fire Magic     | 4 5 6 7 |  7.1
Spellcasting   | 4 5 6 7 8 |  8.3
Conjurations   | 2 3 4 5 6 |  6.1
Stealth        | 3 |  3.5
Dodging        | 3 |  3.5
Short Blades   | 1 |  1.1
Fighting       | 1 |  1.0

Action                   |  1- 3 |  4- 6 |  7- 9 || total
-------------------------+-------+-------+-------++-------
Melee: Short sword       |     1 |       |    52 ||    53
       Unarmed           |     1 |       |       ||     1
 Cast: Flame Tongue      |    64 |   125 |    94 ||   283
       Sticky Flame      |       |     1 |     6 ||     7
       Conjure Flame     |       |       |     2 ||     2
       Throw Flame       |       |       |     6 ||     6
  Eat: Chunk             |       |     5 |     5 ||    10
       Ration            |       |       |     1 ||     1
Armor: Robe              |     5 |     5 |    15 ||    25
Dodge: Dodged            |    21 |    15 |    36 ||    72
